 Dungeon Crawl Stone Soup version 0.31-a0-858-g469dc525a8 (webtiles) character file.

Game seed: 3901328349726903132

559 BinkBink the Shield-Bearer (level 7, -6/44 HPs)
             Began as a Gargoyle Fighter on Oct 9, 2023.
             Was an Initiate of Qazlal.
             Killed by nerve-wracking pain
             ... invoked by an orc priest
              (7 damage)
             ... on level 5 of the Dungeon.
             The game lasted 00:06:25 (4171 turns).

BinkBink the Shield-Bearer (Gargoyle Fighter)       Turns: 4171, Time: 00:06:25

Health: -6/44      AC: 13    Str: 21    XL:     7   Next: 31%
Magic:  7/7        EV: 14    Int: 15    God:    Qazlal [......]
Gold:   50         SH:  4    Dex:  9    Spells: 6/6 levels left

rFire   . . .        a - +0 flail
rCold   . . .        c - +0 buckler
rNeg    + . .        b - +0 scale mail
rPois   ∞            (no helmet)
rElec   +            (no cloak)
rCorr   .            (no gloves)
SInv    .            v - +0 pair of boots
Will    .....        n - amulet of faith Stlth
                     k - +5 ring of evasion
HPRegen 0.27/turn    u - +6 ring of intelligence
MPRegen 0.10/turn

%: faith
@: no status effects
A: sickness immunity, AC +4, negative energy resistance 1, electricity
resistance, torment resistance 1, petrification resistance
a: Renounce Religion


You were on level 5 of the Dungeon.
You worshipped Qazlal.
Qazlal was noncommittal.
You visited 2 branches of the dungeon, and saw 6 of its levels.

You collected 199 gold pieces.
You spent 149 gold pieces at shops.

Inventory:

Hand Weapons
 a - a +0 flail (weapon)
Armour
 b - a +0 scale mail (worn)
 c - a +0 buckler (worn)
 v - a +0 pair of boots (worn)
Jewellery
 k - a +5 ring of evasion (left hand)
 n - an amulet of faith (around neck)
 u - a +6 ring of intelligence (right hand)
 A - a ring of resist corrosion
Wands
 y - a wand of acid (14)
Scrolls
 e - 2 scrolls of enchant armour
 f - a scroll of identify
 h - a scroll of immolation {unknown}
 i - a scroll of revelation {unknown}
 l - 3 scrolls of blinking
 m - 2 scrolls of enchant weapon
 p - 5 scrolls of teleportation
 q - a scroll of fog {unknown}
 r - a scroll of silence {unknown}
 t - a scroll of fear {unknown}
 x - 2 scrolls of noise
 B - a scroll of poison {unknown}
Potions
 d - 2 potions of might
 g - a potion of curing {unknown}
 j - 2 potions of haste
 o - a potion of magic {unknown}
 s - 2 potions of mutation {unknown}
 w - a potion of enlightenment {unknown}
 z - a potion of attraction {unknown}


   Skills:
 + Level 5.2 Fighting
 + Level 4.2 Maces & Flails
 + Level 5.2 Armour
 + Level 5.3 Shields


You had 6 spell levels left.
You didn't know any spells.
Your spell library contained the following spells:

 Spells                   Type           Power      Damage    Failure   Level
 Summon Small Mammal      Summ           0%         N/A       63%         1
 Call Canine Familiar     Summ           0%         N/A       94%         3
 Dazzling Flash           Conj/Hex       0%         N/A       94%         3
 Summon Guardian Golem    Hex/Summ       0%         N/A       94%         3
 Irradiate                Conj/Tmut      0%         3d11      100%        5
 Starburst                Conj/Fire      0%         6d3       100%        6


Dungeon Overview and Level Annotations

Branches:
Dungeon (5/15)             Temple (1/1) D:4

Altars:
Ashenzari
Elyvilon
Fedhas
Gozag
Hepliaklqana
Kikubaaqudgha
Makhleb
Nemelex Xobeh
Okawaru
Qazlal
Ru
Trog
Uskayaw
Xom
The Shining One

Shops:
D:4 ?

Annotations:
D:5 Ijyb


Innate Abilities, Weirdness & Mutations

You are immune to sickness and miasma.
Your stone body is resilient. (AC +4)
You are immune to poison.
You resist negative energy. (rN+)
You are resistant to electric shocks. (rElec)
You are resistant to unholy torment.
You are immune to petrification.


Message History

You closely miss the iguana.
The iguana is severely wounded.
The iguana barely misses you.
You barely miss the iguana.
The iguana is severely wounded.
The iguana closely misses you.
The orc priest invokes the aid of Beogh against you.
Beogh smites you!
You hear a shout!
You thump the iguana!
You kill the iguana!
Qazlal accepts your kill.
The orc priest begins to cast a cantrip, but forgets the words!
You hit the orc.
The orc is lightly wounded.
You block the orc's attack.
The orc priest invokes the aid of Beogh against you.
Beogh smites you! The orc closely misses you.
You barely miss the orc.
The orc is lightly wounded.
The orc closely misses you.
You hit the orc.
The orc is heavily wounded.
The orc hits you but does no damage.
You sock the orc!
You kill the orc!
Qazlal accepts your kill.
The orc priest mumbles some strange prayers to Beogh against you.
Beogh smites you!
* * * LOW HITPOINT WARNING * * *
You barely miss the orc priest.
The orc priest hits you but does no damage.
You completely miss the orc priest.
The orc priest mumbles some strange prayers to Beogh against you.
Pain shoots through your body!
* * * LOW HITPOINT WARNING * * *
You closely miss the orc priest.
The orc priest calls down the wrath of Beogh upon you.
Pain shoots through your body!
You die...

≈≈≈≈~~≈≈~.##.# #.#
#≈≈≈≈~~≈~.##.# #.#
#####.≈~~~##.# #.# ..
....~~~...># #.##### #.
##~~~.≈.##.## #.#...#
#~~.~~.##..# #.#.#.##
#..≈.~.....# #......#
#.###~~~≈~~##.o#####.####
......~~~~....oo@....#
#.###.≈....#..########
#.....~≈~≈....#
...#.~≈o~~.##.# ##
#.~~.~~..#.#
##.#..≈o~~#####
...#..~≈~~≈##
##....≈≈≈≈≈≈##
.....o.~≈≈≈≈≈#


You could see 2 orc priests and an orc.

Vanquished Creatures
  A black bear (D:5)
  2 phantoms (D:5)
  A centaur (D:5)
  A hound (D:4)
  A jelly (D:5)
  An iguana (D:5)
  Terence (D:3)
  2 adders (D:3)
  An ufetubus (D:5)
  8 worms
  5 dart slugs
  An orc (D:5)
  4 ball pythons
  6 bats
  11 endoplasms
  3 giant cockroaches
  4 goblins
  8 hobgoblins
  3 jackals (D:4)
  8 kobolds
  2 quokkas
  2 frilled lizards (D:3)
  3 rats
79 creatures vanquished.

Notes
Turn   | Place    | Note
-------+----------+-------------------------------------------
     0 | D:1      | BinkBink the Gargoyle Fighter began the quest for the Orb.
     0 | D:1      | Reached XP level 1. HP: 14/14 MP: 1/1
    53 | D:1      | Reached XP level 2. HP: 13/19 MP: 2/2
   343 | D:1      | Reached XP level 3. HP: 21/23 MP: 3/3
   713 | D:2      | Identified the +2 pair of gloves of Gallantry {rN+++ Str+6
                  | Dex-4}
   835 | D:2      | Got an embossed book
  1048 | D:2      | Reached XP level 4. HP: 14/29 MP: 4/4
  1425 | D:3      | Noticed Terence
  1454 | D:3      | Killed Terence
  1604 | D:3      | Found an opulent altar of Gozag.
  1925 | D:3      | Reached XP level 5. HP: 32/33 MP: 5/5
  2305 | D:4      | Found a staircase to the Ecumenical Temple.
  2317 | Temple   | Entered the Ecumenical Temple
  2331 | Temple   | Became a worshipper of Qazlal Stormbringer
  2720 | D:4      | Found Gamevody's Magic Scroll Shop.
  2726 | D:4      | Bought a scroll of blinking for 97 gold pieces
  2726 | D:4      | Bought a scroll of teleportation for 39 gold pieces
  2726 | D:4      | Bought a scroll of noise for 13 gold pieces
  3068 | D:5      | Entered Level 5 of the Dungeon
  3070 | D:5      | Noticed a phantom
  3070 | D:5      | Noticed a centaur
  3274 | D:5      | Killed a centaur
  3275 | D:5      | Reached XP level 6. HP: 26/39 MP: 6/6
  3363 | D:5      | Noticed Ijyb
  3363 | D:5      | Noticed a yak
  3363 | D:5      | Noticed a yak
  3363 | D:5      | Noticed a yak
  3364 | D:5      | Noticed a yak
  3364 | D:5      | Noticed a yak
  3633 | D:5      | Noticed a black bear
  3655 | D:5      | Killed a black bear
  3656 | D:5      | Reached skill level 5 in Fighting
  3656 | D:5      | Reached skill level 5 in Armour
  3656 | D:5      | Reached skill level 5 in Shields
  3656 | D:5      | Reached XP level 7. HP: 40/44 MP: 7/7
  3689 | D:5      | Found a hazy altar of Hepliaklqana.
  3709 | D:5      | Noticed a yak
  4170 | D:5      | HP: 1/44 [orc priest/nerve-wracking pain (3)]
  4171 | D:5      | Killed from afar by an orc priest

Illustrated notes

Levels and vault maps discovered:
D:1:      minmay_arrival_shoal_huts, layout_rooms
D:2:      layout_basic, nicolae_elevator_lobby_asterisk
D:3:      layout_rooms, nicolae_gozag_seed_capital,
          chequers_serial_rivers_large_b, minivault_27, uniq_terence
D:4:      layout_basic, minmay_temple_entry_junction, serial_shops,
          nicolae_shop_pleasant_corner_grove
D:5:      layout_basic, kennysheep_little_box, chequers_serial_rivers_large_a,
          uniq_ijyb, uniq_eustachio
Temple:   nicolae_temple_figure_eight

Skill      XL: |  1  2  3  4  5  6 |
---------------+-------------------+-----
Fighting       | 4 5 |  5.2
Armour         | 4 5 |  5.2
Shields        | 4 5 |  5.3
Maces & Flails | 3 4 |  4.2

Action                     |  1- 3 |  4- 6 |  7- 9 || total
---------------------------+-------+-------+-------++-------
  Melee: Flail             |   109 |   185 |    39 ||   333
    Use: Scroll            |       |     2 |       ||     2
         Potion            |       |       |     2 ||     2
 Armour: Scale mail        |    69 |    95 |    25 ||   189
  Dodge: Dodged            |    45 |   158 |    18 ||   221
  Block: Buckler           |    25 |    45 |     3 ||    73

Table legend: (Time is in decaauts)
 A = Elapsed time spent in this place.
 B = Non-inter-level travel time spent in this place.
 C = Inter-level travel time spent in this place.
 D = Time resting spent in this place.
 E = Time spent auto-exploring this place.
 F = Levels seen in this place.
 G = Mean time per level.
                   A        B        C        D        E       F      G
               +--------+--------+--------+--------+--------+-----+--------+
         Total |   4290 |   3913 |    377 |    264 |   2657 |   6 |  715.0 |
       Dungeon |   4263 |   3910 |    353 |    264 |   2657 |   5 |  852.6 |
        Temple |     26 |      2 |     24 |      0 |      0 |   1 |   26.0 |
               +--------+--------+--------+--------+--------+-----+--------+

Top non-repeatable levels by time:
     D:4: 1193 daAuts
     D:5: 866 daAuts
     D:2: 864 daAuts
     D:3: 783 daAuts
     D:1: 556 daAuts
  Temple: 26 daAuts
